Map: Blackburn LE

Players

Has - Winner!

  • Race: Protoss Protoss

Nice

  • Race: Protoss Protoss
  • League: Master

Event: DreamHack SC2 Masters 2021 Summer

VOD

Have the link to the VOD?

Description

Time

  • Played on: May 23, 2021, 9:35 a.m.
  • Length: 5:59

All games in this series

Show
View Real Time Build Order
Export as new Build Order

Has Protoss - Winner!

Build Orders: Proxy Void Ray 

Get SALT Encoding   

  12  0:00  Probe  
  13  0:12  Probe  
  14  0:18  Pylon  
  14  0:24  Probe (Chrono Boost)  
  15  0:38  Probe (Chrono Boost)  
  15  0:39  Gateway  
  16  0:43  Probe (Chrono Boost)  
  16  0:47  Assimilator  
  17  0:53  Probe (Chrono Boost)  
  18  1:00  Assimilator  
  18  1:05  Probe (Chrono Boost)  
  19  1:14  Probe (Chrono Boost)  
  20  1:19  Probe  
  21  1:29  Cybernetics Core  
  22  1:33  Pylon  
  21  1:49  Nexus  
  21  1:52  Probe  
  22  2:07  Pylon, Adept (Chrono Boost)  
  24  2:19  Stargate  
  24  2:27  Pylon  
  25  2:30  Probe  
  24  2:44  Forge  
  24  2:52  Shield Battery  
  24  2:54  Void Ray (Chrono Boost)  
  28  3:07  Probe  
  29  3:20  Photon Cannon  
  29  3:26  Shield Battery  
  29  3:28  Void Ray (Chrono Boost)  
  29  3:39  Probe  
  34  3:42  Probe  
  35  3:49  Shield Battery  
  35  3:51  Probe  
  35  3:54  Probe  
  38  4:14  Shield Battery  
  38  4:15  Probe x2  
  38  4:19  Oracle (Chrono Boost)  
  41  4:27  Probe x2  
  43  4:38  Pylon  
  43  4:39  Probe (Chrono Boost)  
  43  4:42  Pylon  
  43  4:44  Probe (Chrono Boost)  
  45  4:50  Probe (Chrono Boost)  
  46  4:55  Probe (Chrono Boost)  
  46  4:58  Gateway  
  48  5:01  Twilight Council  
  48  5:02  Probe  
  48  5:06  Probe  
  49  5:14  Probe  
  49  5:15  Void Ray (Chrono Boost)  
  49  5:18  Probe  
  51  5:25  Shield Battery, Stalker  
  57  5:31  Probe  
  58  5:38  Probe  
Show
View Real Time Build Order
Export as new Build Order

Nice Protoss 

Build Orders: Oracle Opening 

Get SALT Encoding   

  12  0:00  Probe  
  13  0:12  Probe  
  14  0:19  Pylon  
  14  0:24  Probe  
  15  0:37  Probe (Chrono Boost)  
  15  0:38  Gateway  
  16  0:48  Probe (Chrono Boost), Assimilator  
  17  0:53  Probe (Chrono Boost)  
  18  1:04  Probe (Chrono Boost)  
  19  1:13  Pylon  
  19  1:14  Assimilator  
  19  1:16  Probe (Chrono Boost)  
  20  1:23  Probe (Chrono Boost)  
  21  1:27  Cybernetics Core  
  21  1:30  Probe  
  22  1:39  Zealot  
  24  1:42  Probe  
  25  1:54  Probe  
  25  1:58  Pylon  
  26  2:03  Adept (Chrono Boost)  
  26  2:04  Stargate  
  28  2:13  Pylon  
  28  2:16  Probe  
  29  2:26  Adept  
  31  2:32  Shield Battery  
  31  2:42  Void Ray (Chrono Boost)  
  35  3:11  Nexus  
  36  3:15  Warp Gate  
  35  3:23  Oracle (Chrono Boost)  
  35  3:24  Probe  
  39  3:40  Probe  
  39  3:41  Pylon  
  40  3:52  Probe  
  44  4:04  Probe  
  45  4:11  Twilight Council  
  45  4:16  Probe  
  40  4:25  Gateway  
  40  4:26  Gateway  
  40  4:28  Probe  
  40  4:30  Probe  
  42  4:34  Stalker  
  44  4:41  Probe  
  44  4:42  Shield Battery  
  46  4:50  Shield Battery  
  45  4:55  Probe x2  
  45  4:57  Pylon  
  45  5:07  Probe x2  
  45  5:12  Stalker  
  44  5:22  Stalker  
  44  5:24  Stalker  
  47  5:37  Probe x2  
Tags
 
Add a new tag
Caveats
  • Supply blocks, unpowered buildings, or Contaminate may cause inaccurate times.
  • Supply counts are checked every 10 seconds.